 Dungeon Crawl Stone Soup version 0.28.0-43-g3370ac3207 (webtiles) character file.

Game seed: 15389455236789937668

60 silky the Cudgeller (level 3, 0/34 HPs)
             Began as a Minotaur Chaos Knight on Mar 30, 2022.
             Was a Plaything of Xom.
             Killed by divine providence
             ... invoked by an orc priest
              (12 damage)
             ... on level 2 of the Dungeon.
             The game lasted 00:04:03 (1010 turns).

silky the Cudgeller (Minotaur Chaos Knight)         Turns: 1010, Time: 00:04:04

Health: 0/34       AC:  7    Str: 18      XL:     3   Next: 80%
Magic:  2/2        EV: 11    Int:  9      God:    Xom [....*.]
Gold:   157        SH:  0    Dex:  8 (9)  Spells: 2/2 levels left

rFire   . . .      SeeInvis .   g - +2 mace (vorpal)
rCold   . . .      Faith    .   d - orb {*Rage}
rNeg    . . .      Spirit   .   b - +2 leather armour
rPois   .          Reflect  .   (helmet restricted)
rElec   .          Harm     .   (no cloak)
rCorr   .          Rampage  .   e - +1 pair of gloves
Will    .....      Rage     20% (no boots)
Stlth   +.........              (no amulet)
HPRegen 0.11/turn               (no ring)
MPRegen 0.08/turn               (no ring)

@: no status effects
A: horns 2, retaliatory headbutt
a: Renounce Religion


You were on level 2 of the Dungeon.
You worshipped Xom.
You were a beloved toy of Xom.
You visited 1 branch of the dungeon, and saw 2 of its levels.

You collected 157 gold pieces.

Inventory:

Hand Weapons
 a - a +0 mace of chaos
 g - a +2 vorpal mace (weapon)
Armour
 b - a +2 leather armour (worn)
 d - an orb of wrath (worn)
 e - a +1 pair of gloves (worn)
Scrolls
 c - 2 scrolls of fear
 f - a scroll of enchant armour
 h - a scroll of teleportation


   Skills:
 + Level 4.3 Fighting
 + Level 4.8 Maces & Flails
 + Level 2.9 Armour
 + Level 1.5 Dodging


You had 2 spell levels left.
You didn't know any spells.
Your spell library was empty.

Dungeon Overview and Level Annotations

Branches:
Dungeon (2/15)

Altars:


Innate Abilities, Weirdness & Mutations

You have a pair of horns on your head.
You reflexively headbutt those who attack you in melee.


Message History

Beogh smites you!
The orc priest begins to cast a cantrip, but forgets the words!
The orc hits you but does no damage.
You hit the orc. You headbutt the orc.
You kill the orc!
You have reached level 3!
Your experience leads to an increase in your attributes!
Your base attributes are Str 16, Int 9, Dex 9.
Increase (S)trength, (I)ntelligence, or (D)exterity?
You feel stronger. x2
There are monsters nearby!
You hit the orc.
The orc is heavily wounded.
The orc hits you but does no damage. The orc hits you with a +0 club.
You hit the orc.
You kill the orc!
A rat comes into view.
The orc hits you with a +0 club.
You hit the orc priest.
The orc priest is heavily wounded.
The orc closely misses you. You furiously retaliate!
You headbutt the orc.
The orc priest looks braver for a moment.
You hit the orc priest. Your headbutt misses the orc priest.
The orc priest is almost dead.
You are now a beloved toy of Xom.
The orc priest closely misses you. The orc hits you with a +0 club.
The orc priest looks satisfied for a moment.
The orc priest barely misses you.
You hit the orc priest.
You kill the orc priest!
The orc hits you with a +0 club.
The orc priest invokes the aid of Beogh against you.
You barely resist.
You feel your dexterity returning.
You sock the orc priest!
The orc priest is almost dead.
The orc hits you with a +0 club.
The orc priest mumbles some strange prayers to Beogh against you.
Beogh smites you!
You die...

#...# ....# ## #..o# #
....###...#.# #.J.......#
#.....# ##...#..#
##oJr..... ####
##@o######.###### #....
#.)##...## ##...##
#....##.##.....###.....##
#.......#.......#...[...#
#.......#.......#.......#
#...[##.#.......#.......#
#.... #.##.....###..†..##
#### #..##...## ##...##
#...##'#######'####


You could see an orc priest, an orc, an endoplasm and a rat.

Vanquished Creatures
  An orc priest (D:2)
  2 orcs (D:2)
  2 ball pythons
  A bat (D:1)
  3 endoplasms
  4 giant cockroaches
  A goblin (D:2)
  3 hobgoblins (D:2)
  2 quokkas
  2 frilled lizards
  A kobold (D:2)
  5 rats
27 creatures vanquished.

Notes
Turn   | Place    | Note
-------+----------+-------------------------------------------
     0 | D:1      | silky the Minotaur Chaos Knight began the quest for the
                  | Orb.
     0 | D:1      | Reached XP level 1. HP: 19/19 MP: 0/0
   250 | D:1      | XOM: potion effect (might)
   329 | D:1      | Reached XP level 2. HP: 27/27 MP: 1/1
   556 | D:2      | XOM: silly message
   624 | D:2      | Found a faded altar of an unknown god.
   753 | D:2      | XOM: silly message
   769 | D:2      | XOM: 3-stop teleportation journey
   817 | D:2      | XOM: summons 2 hostile demons
  1005 | D:2      | Reached XP level 3. HP: 20/33 MP: 2/2
  1010 | D:2      | Killed from afar by an orc priest

Illustrated notes

Levels and vault maps discovered:
D:1:      heliophobic_arrival_ceremonial_halls, layout_rooms
D:2:      kennysheep_six_static_rooms, layout_rooms,
          shapermc_ecumenical_altar_venn, minmay_distorted,
          uniq_crazy_yiuf_cottage

Skill      XL: |  1  2 |
---------------+-------+-----
Maces & Flails | 4 |  4.8
Fighting       | 4 |  4.3
Armour         | |  2.9
Dodging        | |  1.5

Action                   || total
-------------------------++-------
Melee: Mace              ||    46
       Headbutt          ||     6
  Use: Scroll            ||     4
Armor: Leather armour    ||    29
Dodge: Dodged            ||    41
